3121 views
Uploaded 2020-01-22 01:15:43
Game version 1.32.0.6
23:25 long 2on2 ladder game on (4)TidewaterGlades_LV
Saved by SouL
3121 views
Uploaded 2020-01-22 01:15:43
Game version 1.32.0.6
23:25 long 2on2 ladder game on (4)TidewaterGlades_LV


64 units @ 10.6k
/ 1.4k
33 buildings @ 4.4k
/ 1.6k



| Rod of Necromancy | 4 | 600 |
| Lesser Clarity Potion | 1 | 70 |
| Orb of Corruption | 1 | 375 |
| Potion of Healing | 4 | 600 |
| Scroll of Healing | 3 | 750 |
| Scroll of Town Portal | 3 | 1050 |
| Potion of Lesser Invulnerability | 1 | 150 |
| total: | 17 | 3595g |
| Acolyte | 2 | 150 | / | 0 |
| Ghoul | 4 | 480 | / | 0 |
| Crypt Fiend | 10 | 2150 | / | 400 |
| Obsidian Statue | 6 | 1200 | / | 210 |
| Abomination | 1 | 240 | / | 70 |
| Goblin Zeppelin | 1 | 240 | / | 60 |
| total: | 24 | 4460g | / | 740w |
| Graveyard | 1 | 215 | / | 0 |
| Crypt | 1 | 200 | / | 50 |
| Altar of Darkness | 1 | 180 | / | 50 |
| Ziggurat | 5 | 750 | / | 250 |
| Tomb of Relics | 1 | 130 | / | 30 |
| Slaughterhouse | 1 | 140 | / | 135 |
| Halls of the Dead | 1 | 320 | / | 210 |
| Black Citadel | 1 | 325 | / | 230 |
| total: | 10 | 1615g | / | 515w |
| 0:04 | Acolyte |
| 0:08 | Graveyard |
| 0:11 | Crypt |
| 0:17 | Acolyte |
| 0:55 | Altar of Darkness |
| 0:57 | Ziggurat |
| 1:24 | Ghoul |
| 1:40 | Ziggurat |
| 1:42 | Tomb of Relics |
| 1:57 | Ghoul |
| 2:08 | Crypt Fiend |
| 2:24 | Crypt Fiend |
| 2:57 | Rod of Necromancy |
| 3:11 | Crypt Fiend |
| 3:17 | Death Coil |
| 3:28 | Crypt Fiend |
| 3:42 | Halls of the Dead |
| 3:52 | Crypt Fiend |
| 4:11 | Unholy Aura |
| 4:23 | Ziggurat |
| 4:24 | Ghoul |
| 4:28 | Ghoul |
| 4:44 | Creature Attack |
| 5:23 | Crypt Fiend |
| 5:25 | Rod of Necromancy |
| 6:36 | Black Citadel |
| 6:44 | Death Coil |
| 6:49 | Burrow |
| 6:57 | Lesser Clarity Potion |
| 7:11 | Slaughterhouse |
| 7:15 | Rod of Necromancy |
| 7:19 | Frost Nova |
| 7:32 | Goblin Zeppelin |
| 7:48 | Ziggurat |
| 8:10 | Improved Creature Attack |
| 8:39 | Web |
| 9:57 | Destroyer Form |
| 9:57 | Obsidian Statue |
| 9:57 | Obsidian Statue |
| 10:00 | Unholy Aura |
| 10:12 | Dark Ritual |
| 10:52 | Orb of Corruption |
| 11:16 | Advanced Creature Attack |
| 11:21 | Creature Carapace |
| 11:25 | Rod of Necromancy |
| 11:28 | Impale |
| 12:15 | Ziggurat |
| 13:41 | Abomination |
| 14:04 | Frost Nova |
| 14:26 | Obsidian Statue |
| 14:34 | Potion of Healing |
| 14:37 | Potion of Healing |
| 14:37 | Scroll of Healing |
| 14:45 | Obsidian Statue |
| 15:11 | Death Coil |
| 15:44 | Potion of Healing |
| 15:45 | Scroll of Healing |
| 15:46 | Scroll of Town Portal |
| 16:24 | Spiked Carapace |
| 17:18 | Crypt Fiend |
| 17:26 | Dark Ritual |
| 17:45 | Unholy Aura |
| 18:00 | Crypt Fiend |
| 18:02 | Obsidian Statue |
| 18:15 | Improved Creature Carapace |
| 18:16 | Scroll of Healing |
| 18:20 | Potion of Healing |
| 18:43 | Potion of Lesser Invulnerability |
| 18:49 | Frost Nova |
| 19:00 | Scroll of Town Portal |
| 19:13 | Crypt Fiend |
| 19:48 | Scroll of Town Portal |
| 20:21 | Obsidian Statue |
| 20:33 | Advanced Creature Carapace |
| 21:10 | Impale |
| 21:53 | Crypt Fiend |
| 23:02 | Cannibalize |
| Select group | 3033 |
| Right click | 2186 |
| Misc. action | 595 |
| Select | 402 |
| Assign group | 297 |
| Use ability | 122 |
| Build/train/purchase | 119 |
| Item give/drop | 6 |
| Esc | 6 |
| Remove unit | 3 |
| Minimap ping | 1 |
โ
GrizzyTTG
(23:24) : 

| Scroll of Regeneration | 3 | 300 |
| Lesser Clarity Potion | 5 | 350 |
| Potion of Healing | 2 | 300 |
| Orb of Fire | 1 | 325 |
| Scroll of Healing | 1 | 250 |
| Potion of Lesser Invulnerability | 1 | 150 |
| Scroll of Protection | 1 | 150 |
| Boots of Speed | 1 | 250 |
| total: | 15 | 2075g |
| Peasant | 13 | 975 | / | 0 |
| Footman | 13 | 1755 | / | 0 |
| Spell Breaker | 6 | 1290 | / | 180 |
| Knight | 7 | 1715 | / | 420 |
| Goblin Shredder | 1 | 375 | / | 100 |
| total: | 40 | 6110g | / | 700w |
| Scout Tower | 3 | 90 | / | 60 |
| Guard Tower | 2 | 140 | / | 100 |
| Arcane Tower | 1 | 70 | / | 50 |
| Barracks | 3 | 480 | / | 180 |
| Farm | 8 | 640 | / | 160 |
| Altar of Kings | 2 | 360 | / | 100 |
| Arcane Vault | 2 | 260 | / | 60 |
| Lumber Mill | 1 | 120 | / | 0 |
| Town Hall | 1 | 385 | / | 205 |
| Blacksmith | 1 | 140 | / | 60 |
| Arcane Sanctum | 2 | 300 | / | 280 |
| Keep | 1 | 320 | / | 210 |
| Castle | 1 | 360 | / | 210 |
| total: | 23 | 2775g | / | 1105w |
| 0:03 | Peasant |
| 0:10 | Barracks |
| 0:11 | Barracks |
| 0:14 | Peasant |
| 0:21 | Farm |
| 0:24 | Altar of Kings |
| 0:26 | Farm |
| 0:37 | Peasant |
| 0:49 | Peasant |
| 0:57 | Peasant |
| 1:08 | Peasant |
| 1:18 | Footman |
| 1:28 | Peasant |
| 1:38 | Farm |
| 1:46 | Footman |
| 1:54 | Peasant |
| 2:08 | Footman |
| 2:22 | Footman |
| 2:36 | Summon Water Elemental |
| 3:04 | Brilliance Aura |
| 3:09 | Keep |
| 3:12 | Arcane Vault |
| 3:33 | Footman |
| 3:37 | Farm |
| 3:41 | Lumber Mill |
| 4:01 | Footman |
| 4:14 | Footman |
| 4:34 | Footman |
| 4:53 | Scroll of Regeneration |
| 4:53 | Lesser Clarity Potion |
| 6:02 | Town Hall |
| 6:09 | Scout Tower |
| 6:13 | Scout Tower |
| 6:17 | Improved Lumber Harvesting |
| 6:32 | Summon Water Elemental |
| 6:57 | Farm |
| 7:06 | Storm Bolt |
| 7:17 | Goblin Shredder |
| 7:27 | Guard Tower |
| 7:28 | Arcane Tower |
| 7:32 | Peasant |
| 7:34 | Farm |
| 7:35 | Farm |
| 7:50 | Footman |
| 7:58 | Footman |
| 8:08 | Scout Tower |
| 8:17 | Potion of Lesser Invulnerability |
| 8:18 | Scroll of Healing |
| 8:18 | Scroll of Protection |
| 8:22 | Boots of Speed |
| 8:30 | Defend |
| 8:39 | Guard Tower |
| 9:26 | Footman |
| 9:44 | Footman |
| 9:53 | Barracks |
| 9:54 | Castle |
| 9:57 | Altar of Kings |
| 9:58 | Arcane Sanctum |
| 9:59 | Arcane Sanctum |
| 10:49 | Peasant |
| 10:55 | Improved Masonry |
| 11:06 | Lesser Clarity Potion |
| 11:07 | Potion of Healing |
| 11:12 | Scroll of Regeneration |
| 11:12 | Lesser Clarity Potion |
| 11:12 | Potion of Healing |
| 11:23 | Spell Breaker |
| 11:24 | Footman |
| 11:29 | Arcane Vault |
| 11:42 | Blacksmith |
| 12:13 | Thunder Clap |
| 12:19 | Spell Breaker |
| 12:24 | Knight |
| 12:46 | Brilliance Aura |
| 13:59 | Knight |
| 14:00 | Spell Breaker |
| 14:44 | Knight |
| 15:16 | Knight |
| 15:42 | Knight |
| 16:03 | Sundering Blades |
| 16:04 | Animal War Training |
| 17:24 | Spell Breaker |
| 18:25 | Lesser Clarity Potion |
| 18:31 | Lesser Clarity Potion |
| 18:40 | Orb of Fire |
| 18:51 | Scroll of Regeneration |
| 19:45 | Spell Breaker |
| 20:09 | Peasant |
| 20:19 | Peasant |
| 20:22 | Peasant |
| 20:40 | Knight |
| 21:13 | Farm |
| 21:17 | Spell Breaker |
| 21:20 | Knight |
| 21:22 | Control Magic |
| 21:28 | Thunder Clap |
| 23:16 | Summon Water Elemental |
| Right click | 1253 |
| Select group | 546 |
| Select | 337 |
| Build/train/purchase | 128 |
| Assign group | 83 |
| Misc. action | 31 |
| Use ability | 19 |
| Resource trade | 12 |
| Item give/drop | 2 |
82 units @ 14.4k
/ 2.2k
32 buildings @ 4.2k
/ 1.5k



| Rod of Necromancy | 3 | 450 |
| Orb of Corruption | 1 | 375 |
| total: | 4 | 825g |
| Acolyte | 3 | 225 | / | 0 |
| Ghoul | 2 | 240 | / | 0 |
| Crypt Fiend | 11 | 2365 | / | 440 |
| Obsidian Statue | 4 | 800 | / | 140 |
| Abomination | 5 | 1200 | / | 350 |
| Furbolg Shaman | 1 | 255 | / | 30 |
| Satyr Shadowdancer | 1 | 255 | / | 30 |
| total: | 27 | 5340g | / | 990w |
| Nerubian Tower | 1 | 100 | / | 20 |
| Ziggurat | 6 | 900 | / | 300 |
| Altar of Darkness | 1 | 180 | / | 50 |
| Graveyard | 1 | 215 | / | 0 |
| Crypt | 1 | 200 | / | 50 |
| Tomb of Relics | 1 | 130 | / | 30 |
| Necropolis | 1 | 225 | / | 0 |
| Slaughterhouse | 2 | 280 | / | 270 |
| Halls of the Dead | 1 | 320 | / | 210 |
| Black Citadel | 1 | 325 | / | 230 |
| total: | 13 | 2130g | / | 700w |
| 0:03 | Acolyte |
| 0:03 | Acolyte |
| 0:07 | Ziggurat |
| 0:13 | Altar of Darkness |
| 0:37 | Graveyard |
| 0:42 | Acolyte |
| 0:50 | Crypt |
| 1:17 | Tomb of Relics |
| 1:53 | Ziggurat |
| 1:54 | Ghoul |
| 2:12 | Ghoul |
| 2:16 | Death Coil |
| 2:21 | Rod of Necromancy |
| 2:33 | Crypt Fiend |
| 3:16 | Halls of the Dead |
| 3:25 | Crypt Fiend |
| 4:13 | Unholy Aura |
| 4:31 | Crypt Fiend |
| 4:36 | Nerubian Tower |
| 5:19 | Ziggurat |
| 5:54 | Slaughterhouse |
| 5:57 | Black Citadel |
| 6:15 | Rod of Necromancy |
| 6:27 | Crypt Fiend |
| 6:37 | Frost Nova |
| 6:57 | Death Coil |
| 7:20 | Obsidian Statue |
| 7:21 | Obsidian Statue |
| 7:28 | Furbolg Shaman |
| 7:56 | Ziggurat |
| 10:10 | Frost Armor |
| 10:13 | Orb of Corruption |
| 10:24 | Impale |
| 10:29 | Web |
| 10:29 | Crypt Fiend |
| 10:31 | Abomination |
| 11:19 | Rod of Necromancy |
| 11:38 | Satyr Shadowdancer |
| 11:56 | Slaughterhouse |
| 13:39 | Frost Nova |
| 13:41 | Crypt Fiend |
| 13:43 | Abomination |
| 13:57 | Abomination |
| 14:27 | Frost Armor |
| 14:33 | Disease Cloud |
| 15:48 | Crypt Fiend |
| 15:52 | Destroyer Form |
| 16:58 | Crypt Fiend |
| 17:50 | Obsidian Statue |
| 17:51 | Obsidian Statue |
| 18:06 | Crypt Fiend |
| 18:09 | Abomination |
| 18:13 | Ziggurat |
| 18:54 | Unholy Aura |
| 18:56 | Frost Nova |
| 19:24 | Spiked Carapace |
| 20:02 | Crypt Fiend |
| 20:03 | Abomination |
| 20:07 | Crypt Fiend |
| 20:16 | Ziggurat |
| 21:23 | Creature Attack |
| 21:55 | Necropolis |
| 23:13 | Impale |
| Right click | 1381 |
| Assign group | 817 |
| Select | 393 |
| Select group | 269 |
| Misc. action | 137 |
| Build/train/purchase | 131 |
| Use ability | 53 |
| Minimap ping | 17 |
| Resource trade | 4 |
| Item give/drop | 2 |
| Remove unit | 2 |


| Scroll of Regeneration | 3 | 300 |
| Scroll of Town Portal | 1 | 350 |
| Scroll of Healing | 1 | 250 |
| Scroll of Protection | 1 | 150 |
| total: | 6 | 1050g |
| Peasant | 12 | 900 | / | 0 |
| Footman | 5 | 675 | / | 0 |
| Rifleman | 20 | 4100 | / | 600 |
| Priest | 10 | 1350 | / | 100 |
| Spell Breaker | 4 | 860 | / | 120 |
| Knight | 1 | 245 | / | 60 |
| Goblin Zeppelin | 1 | 240 | / | 60 |
| Thunder Lizard | 2 | 730 | / | 300 |
| total: | 55 | 9100g | / | 1240w |
| Scout Tower | 4 | 120 | / | 80 |
| Arcane Tower | 3 | 210 | / | 150 |
| Altar of Kings | 1 | 180 | / | 50 |
| Farm | 8 | 640 | / | 160 |
| Barracks | 1 | 160 | / | 60 |
| Blacksmith | 1 | 140 | / | 60 |
| Arcane Vault | 1 | 130 | / | 30 |
| Lumber Mill | 1 | 120 | / | 0 |
| Town Hall | 1 | 385 | / | 205 |
| Arcane Sanctum | 1 | 150 | / | 140 |
| Keep | 1 | 320 | / | 210 |
| Castle | 1 | 360 | / | 210 |
| total: | 19 | 2025g | / | 785w |
| 0:01 | Peasant |
| 0:01 | Peasant |
| 0:11 | Altar of Kings |
| 0:18 | Farm |
| 0:20 | Barracks |
| 0:29 | Peasant |
| 0:45 | Peasant |
| 0:47 | Farm |
| 1:00 | Peasant |
| 1:26 | Footman |
| 1:27 | Peasant |
| 1:41 | Peasant |
| 1:44 | Farm |
| 1:49 | Footman |
| 2:00 | Peasant |
| 2:08 | Scout Tower |
| 2:16 | Footman |
| 2:30 | Summon Water Elemental |
| 2:43 | Footman |
| 3:04 | Farm |
| 3:35 | Keep |
| 3:37 | Blacksmith |
| 3:40 | Arcane Vault |
| 3:58 | Brilliance Aura |
| 4:44 | Footman |
| 4:55 | Rifleman |
| 4:56 | Scroll of Regeneration |
| 4:57 | Scroll of Regeneration |
| 5:10 | Farm |
| 5:17 | Rifleman |
| 5:40 | Farm |
| 5:55 | Rifleman |
| 5:58 | Arcane Sanctum |
| 6:04 | Summon Water Elemental |
| 6:50 | Rifleman |
| 6:51 | Priest |
| 6:56 | Storm Bolt |
| 7:21 | Goblin Zeppelin |
| 7:27 | Thunder Lizard |
| 7:35 | Priest |
| 7:37 | Farm |
| 8:17 | Thunder Lizard |
| 8:34 | Farm |
| 8:35 | Priest Adept Training |
| 9:17 | Rifleman |
| 9:41 | Rifleman |
| 10:05 | Brilliance Aura |
| 10:06 | Rifleman |
| 10:24 | Scroll of Regeneration |
| 10:39 | Spell Breaker |
| 11:01 | Rifleman |
| 11:18 | Spell Breaker |
| 11:48 | Scout Tower |
| 11:54 | Long Rifles |
| 11:55 | Priest |
| 11:57 | Scout Tower |
| 12:02 | Arcane Tower |
| 12:05 | Scout Tower |
| 12:11 | Priest |
| 12:21 | Arcane Tower |
| 12:23 | Arcane Tower |
| 13:09 | Rifleman |
| 13:34 | Priest |
| 13:34 | Rifleman |
| 14:09 | Summon Water Elemental |
| 14:23 | Rifleman |
| 14:25 | Spell Breaker |
| 14:52 | Rifleman |
| 15:40 | Rifleman |
| 15:40 | Priest |
| 16:25 | Thunder Clap |
| 16:45 | Rifleman |
| 16:46 | Priest |
| 16:47 | Peasant |
| 16:47 | Peasant |
| 16:48 | Lumber Mill |
| 18:03 | Rifleman |
| 18:05 | Spell Breaker |
| 18:46 | Town Hall |
| 18:52 | Rifleman |
| 19:24 | Rifleman |
| 20:02 | Peasant |
| 20:07 | Storm Bolt |
| 20:16 | Castle |
| 20:20 | Black Gunpowder |
| 20:30 | Peasant |
| 20:48 | Rifleman |
| 20:48 | Priest |
| 21:18 | Scroll of Town Portal |
| 21:19 | Scroll of Healing |
| 21:19 | Scroll of Protection |
| 22:01 | Rifleman |
| 22:03 | Priest |
| 22:53 | Rifleman |
| 22:54 | Knight |
| 22:55 | Priest |
| Right click | 1774 |
| Select group | 1184 |
| Select | 836 |
| Assign group | 267 |
| Build/train/purchase | 157 |
| Misc. action | 49 |
| Use ability | 25 |
| Chat | 8 |
| Minimap ping | 7 |
| Remove unit | 4 |
| Resource trade | 4 |
| Esc | 2 |
| Item give/drop | 1 |